 Dungeon Crawl Stone Soup version 0.31-a0-574-g69dc8cc98e (webtiles) character file.

Game seed: 4019281515932666673

2142 mopl the Slasher (level 9, -5/54 HPs)
             Began as a Tengu Warper on Aug 18, 2023.
             Was a Follower of Okawaru.
             Slain by an ice beast (7 damage)
             ... on level 7 of the Dungeon.
             The game lasted 00:07:01 (5185 turns).

mopl the Slasher (Tengu Warper)                     Turns: 5185, Time: 00:07:02

Health: -5/54      AC: 13    Str: 16    XL:     9   Next: 30%
Magic:  12/14      EV: 15    Int: 20    God:    Okawaru [*.....]
Gold:   394        SH:  6    Dex: 19    Spells: 10/14 levels left

rFire   . . .        a - +0 falchion (freeze)
rCold   + . .        m - +0 buckler
rNeg    . . .        A - +0 chain mail {rC+}
rPois   .            (helmet restricted)
rElec   .            (no cloak)
rCorr   .            B - +0 pair of gloves
SInv    .            (boots unavailable)
Will    .....        v - amulet of the acrobat
Stlth   +            h - +6 ring of dexterity
HPRegen 0.29/turn    H - +6 ring of intelligence
MPRegen 0.14/turn

%: acrobat
@: heroic, flying quickly and evasively, quick
A: beak, talons 3, nimble flight
a: Renounce Religion, Heroism


You were on level 7 of the Dungeon.
You worshipped Okawaru.
Okawaru was aware of your devotion.
You visited 2 branches of the dungeon, and saw 8 of its levels.

You collected 394 gold pieces.

Inventory:

Hand Weapons
 a - a +0 falchion of freezing (weapon)
 y - the +5 arbalest of Pride {freeze, Fragile rC+ rCorr Str+9}
   (You found it on level 3 of the Dungeon)

   Str+9:     It affects your strength (+9).
   rC+:       It protects you from cold.
   rCorr:     It protects you from acid and corrosion.
   Fragile:   It will be destroyed if unequipped.
Missiles
 d - 7 darts of dispersal
 j - 19 poisoned darts (quivered)
 k - 5 datura-tipped darts
 p - 6 boomerangs
 F - a throwing net
 G - 5 atropa-tipped darts
Armour
 m - a +0 buckler (worn)
 A - a +0 chain mail of cold resistance (worn)
 B - a +0 pair of gloves (worn)
Jewellery
 h - a +6 ring of dexterity (left hand)
 v - an amulet of the acrobat (around neck)
 E - an amulet of guardian spirit
 H - a +6 ring of intelligence (right hand)
Scrolls
 c - a scroll of blinking
 f - 2 scrolls of amnesia {unknown}
 g - a scroll of enchant weapon {unknown}
 i - a scroll of noise {unknown}
 l - a scroll of brand weapon {unknown}
 n - a scroll of fear {unknown}
 o - a scroll of fog {unknown}
 q - a scroll of revelation {unknown}
 t - a scroll of summoning {unknown}
 w - 4 scrolls of teleportation {unknown}
 C - a scroll of silence {unknown}
Potions
 b - 2 potions of enlightenment
 r - a potion of brilliance
 s - 2 potions of resistance
 x - a potion of mutation {!q}
 z - a potion of curing
 D - a potion of ambrosia


   Skills:
 + Level 5.0(10.0) Fighting
 * Level 7.3(12.3) Long Blades
 + Level 3.6(8.6) Throwing
 + Level 5.0(10.0) Armour
 + Level 5.3(10.3) Dodging
 - Level 3.0 Spellcasting
 + Level 3.7 Translocations
 + Level 2.1 Invocations


You had 10 spell levels left.
You knew the following spells:

 Your Spells              Type           Power      Damage    Failure   Level
b - Lesser Beckoning      Tloc           36%        N/A       43%         2
e - Blink                 Tloc           36%        N/A       43%         2

Your spell library contained the following spells:

 Spells                   Type           Power      Damage    Failure   Level
 Apportation              Tloc           36%        N/A       30%         1
 Gell's Gravitas          Tloc           18%        N/A       67%         3
 Teleport Other           Tloc           18%        N/A       67%         3
 Magic Dart               Conj           12%        1d3       82%         1
 Sting                    Tmut/Pois      12%        1d3       82%         1
 Vhi's Electric Charge    Tloc/Air       20%        N/A       90%         3
 Poisonous Vapours        Pois/Air       6%         N/A       91%         2
 Manifold Assault         Tloc           18%        N/A       97%         4
 Mephitic Cloud           Conj/Pois/Air  3%         N/A       99%         3
 Stone Arrow              Conj/Erth      6%         3d7       99%         3
 Olgreb's Toxic Radiance  Pois           3%         N/A       100%        4
 Alistair's Intoxication  Tmut/Pois      2%         N/A       100%        5
 Arcjolt                  Conj/Air       1%         1d11      100%        5
 Plasma Beam              Fire/Air       1%         2x1d11    100%        6
 Discord                  Hex            1%         N/A       100%        8
 Ignition                 Fire           1%         3d3       100%        8
 Lehudib's Crystal Spear  Conj/Erth      1%         10d2      100%        8
 Call Imp                 Summ           Unusable   N/A       N/A         2
 Animate Armour           Summ/Erth      Unusable   N/A       N/A         4

Dungeon Overview and Level Annotations

Branches:
Dungeon (7/15)             Temple (1/1) D:6

Altars:
Cheibriados
Dithmenos
Elyvilon
Fedhas
Gozag
Hepliaklqana
Makhleb
Nemelex Xobeh
Okawaru
Qazlal
Ru
Sif Muna
Trog
Uskayaw
Vehumet
Wu Jian
Xom
Yredelemnul
Zin
The Shining One

Annotations:
D:1 dig
D:6 3 runed translucent doors, Sapher's ghost, weakling FeSh


Innate Abilities, Weirdness & Mutations

You have a beak for a mouth.
You have claws for feet.
Your magical nature lets you fly swiftly and evasively.


Message History

You hit Joseph but do no damage. Your kick misses Joseph.
Joseph is almost dead.
Joseph hits you with a +4 spectral quarterstaff.
* * * LOW HITPOINT WARNING * * *
The +4 spectral quarterstaff hits you!
* * * LOW HITPOINT WARNING * * *
Unknown command.
You slash Joseph! You freeze Joseph.
You kill Joseph!
Okawaru is honoured by your kill.
The +4 spectral quarterstaff disappears.
Your base Fighting skill increases to level 5!
Your base Armour skill increases to level 5!
Your Invocations skill increases to level 2!
You hit the ice beast but do no damage.
You claw the ice beast, but do no damage.
Your peck misses the ice beast. You block the ice beast's attack.
You hit the ice beast but do no damage. You claw the ice beast.
The ice beast is moderately wounded.
You closely miss the ice beast. You claw the ice beast!
The ice beast is heavily wounded.
The ice beast closely misses you.
You hit the ice beast. Your peck misses the ice beast.
The ice beast is heavily wounded.
You feel like a meek peon again. The ice beast barely misses you.
An orc wizard comes into view. It is wielding a +0 dagger.
You closely miss the ice beast.
The orc wizard shouts!
You peck the ice beast.
The ice beast is severely wounded.
You hear a bark!
You hear a shout!
You gain the combat prowess of a mighty hero.
The ice beast completely misses you.
You hit the ice beast. You claw the ice beast.
The ice beast is almost dead.
You block the orc wizard's attack. The ice beast hits you.
* * * LOW HITPOINT WARNING * * *
The ice beast freezes you! You resist.
You die...

# # .# ### . # #. .# ..
... # #.#. .#..@.. #
#...###....... # #...# ..
###### #.#Y###.#...
......
...###.o@##..#..#######.#
.............#..#........
########.#...#..#.###.##'
#.##..>...........
#.##.....#.###....
#.##.####.........
#...........##....
####.######.##.... #.#
#.##....


You could see an ice beast and an orc wizard.

Vanquished Creatures
  Joseph (D:7)
  An orc warrior (D:6)
  A sky beast (D:6)
  2 ice beasts
  2 ogres
  3 bullfrogs
  2 scorpions (D:6)
  A wight (D:7)
  6 hounds
  4 jellies
  A gnoll bouda (D:5)
  2 orc priests
  4 iguanas
  3 sleepcaps
  6 orc wizards
  A mummy (D:5)
  3 gnolls (D:5)
  6 adders
  A white imp (D:5)
  6 dart slugs
  18 orcs
  7 ball pythons
  10 bats
  5 endoplasms
  3 giant cockroaches
  2 goblins
  A hobgoblin (D:3)
  4 jackals (D:1)
  A frilled lizard (D:1)
  A hobgoblin zombie (D:5)
  4 kobolds
  3 kobold zombies (D:5)
  5 rats
120 creatures vanquished.

Notes
Turn   | Place    | Note
-------+----------+-------------------------------------------
     0 | D:1      | mopl the Tengu Warper began the quest for the Orb.
     0 | D:1      | Reached XP level 1. HP: 12/12 MP: 4/4
   442 | D:1      | Reached XP level 2. HP: 16/17 MP: 6/6
   566 | D:1      | Learned a level 2 spell: Blink
   569 | D:1      | Learned a level 2 spell: Lesser Beckoning
   870 | D:1      | Reached XP level 3. HP: 19/21 MP: 7/7
   987 | D:2      | Reached skill level 3 in Long Blades
  1252 | D:2      | Reached skill level 2 in Armour
  1463 | D:3      | Reached XP level 4. HP: 24/27 MP: 8/8
  1481 | D:3      | Reached skill level 3 in Dodging
  1818 | D:3      | Identified the +5 arbalest of Pride {freeze, Fragile rC+
                  | rCorr Str+9}
  1948 | D:4      | Noticed an ogre
  2055 | D:4      | Gained mutation: Your magical nature lets you fly swiftly
                  | and evasively. [Tengu growth]
  2055 | D:4      | Reached XP level 5. HP: 22/32 MP: 9/9
  2128 | D:4      | Killed an ogre
  2129 | D:4      | Reached skill level 3 in Fighting
  2129 | D:4      | Reached skill level 4 in Long Blades
  2134 | D:4      | Reached skill level 3 in Armour
  2134 | D:4      | Reached XP level 6. HP: 37/37 MP: 10/10
  2508 | D:5      | Entered Level 5 of the Dungeon
  2761 | D:5      | Reached skill level 5 in Long Blades
  2761 | D:5      | Reached XP level 7. HP: 31/41 MP: 11/11
  2952 | D:5      | Reached skill level 4 in Dodging
  3282 | D:5      | Reached skill level 2 in Throwing
  3933 | D:6      | Reached skill level 4 in Fighting
  3933 | D:6      | Reached skill level 3 in Translocations
  3933 | D:6      | Reached XP level 8. HP: 48/48 MP: 13/13
  3939 | D:6      | Reached skill level 4 in Armour
  3940 | D:6      | Found a staircase to the Ecumenical Temple.
  3963 | Temple   | Entered the Ecumenical Temple
  3976 | Temple   | Became a worshipper of Warmaster Okawaru
  4042 | D:6      | Reached skill level 6 in Long Blades
  4120 | D:6      | Noticed Sapher's ghost (weakling FeSh)
  4155 | D:6      | Reached skill level 3 in Spellcasting
  4313 | D:6      | Reached skill level 1 in Invocations
  4328 | D:6      | Reached skill level 3 in Throwing
  4548 | D:6      | Reached * piety under Okawaru
  4564 | D:6      | Found a sparkling altar of Nemelex Xobeh.
  4698 | D:6      | Found a runed translucent gate.
  4698 | D:6      | Found a runed translucent gate.
  4698 | D:6      | Found a runed translucent gate.
  4709 | D:6      | Reached skill level 5 in Dodging
  4829 | D:6      | Reached XP level 9. HP: 31/52 MP: 14/14
  5157 | D:7      | Noticed Joseph
  5168 | D:7      | Reached skill level 7 in Long Blades
  5178 | D:7      | Killed Joseph
  5179 | D:7      | Reached skill level 5 in Fighting
  5179 | D:7      | Reached skill level 5 in Armour
  5179 | D:7      | Reached skill level 2 in Invocations
  5185 | D:7      | HP: 2/54 [ice beast (3)]
  5185 | D:7      | Slain by an ice beast

Illustrated notes

Levels and vault maps discovered:
D:1:      mrwooster_arrival_statue_2, layout_basic, minmay_statues_item,
          minmay_pentomino_x2
D:2:      layout_basic, eino_curves_02
D:3:      minmay_wonky_spiral, layout_rooms, kennysheep_small_spiral
D:4:      layout_cave_pools
D:5:      minmay_diamond_boxcup, layout_basic, minmay_parallelograms,
          nicolae_hexahallways, minmay_mini_ossuary
D:6:      layout_basic, mainiacjoe_overflow_six_doors_small,
          minmay_temple_entry_drinking_statues, gammafunk_ghost_icy
D:7:      layout_basic, hangedman_decor_clover_reticule,
          grunt_decor_mini_mirrors, minmay_starry_boxes, uniq_pikel, uniq_joseph
Temple:   compressed_dpeg_triangle_lava_temple

Skill      XL: |  1  2  3  4  5  6  7  8  9 |
---------------+----------------------------+-----
Long Blades    | 3 4 5 6 7 |  7.3
Armour         | 2 3 4 5 |  5.0
Dodging        | 3 4 5 |  5.3
Fighting       | 3 4 5 |  5.0
Throwing       | 2 3 |  3.6
Translocations | 3 |  3.7
Spellcasting   | 3 |  3.0
Invocations    | 1 2 |  2.1

Action                     |  1- 3 |  4- 6 |  7- 9 || total
---------------------------+-------+-------+-------++-------
  Melee: Falchion          |    72 |    84 |   265 ||   421
         Kick              |    15 |    28 |    91 ||   134
         Peck              |     9 |    16 |    53 ||    78
  Throw: Dart              |       |     4 |     4 ||     8
 Invoke: Heroism           |       |       |     2 ||     2
    Use: Scroll            |       |       |     7 ||     7
   Stab: Distracted        |       |     1 |       ||     1
 Armour: Leather armour    |    10 |       |       ||    10
         Scale mail        |    16 |    12 |       ||    28
         Chain mail        |       |    18 |   101 ||   119
  Dodge: Dodged            |    78 |    36 |   105 ||   219
  Block: Buckler           |     8 |    12 |    28 ||    48

Table legend: (Time is in decaauts)
 A = Elapsed time spent in this place.
 B = Non-inter-level travel time spent in this place.
 C = Inter-level travel time spent in this place.
 D = Time resting spent in this place.
 E = Time spent auto-exploring this place.
 F = Levels seen in this place.
 G = Mean time per level.
                   A        B        C        D        E       F      G
               +--------+--------+--------+--------+--------+-----+--------+
         Total |   5025 |   4805 |    220 |    778 |   2945 |   8 |  628.1 |
       Dungeon |   5000 |   4793 |    207 |    778 |   2945 |   7 |  714.3 |
        Temple |     24 |     12 |     12 |      0 |      0 |   1 |   24.0 |
               +--------+--------+--------+--------+--------+-----+--------+

Top non-repeatable levels by time:
     D:5: 1343 daAuts
     D:6: 985 daAuts
     D:1: 968 daAuts
     D:3: 586 daAuts
     D:2: 500 daAuts
     D:4: 437 daAuts
     D:7: 178 daAuts
  Temple: 24 daAuts
